 Dungeon Crawl Stone Soup version 0.26-a0-43-g20b394c (webtiles) character file.

Game seed: 15530886944777370509

44 Faca the Skirmisher (level 3, -3/30 HPs)
             Began as a Human Fighter on June 3, 2020.
             Slain by an ogre
             ... wielding a +0 giant club
              (5 damage)
             ... on level 2 of the Dungeon.
             The game lasted 00:01:46 (1098 turns).

Faca the Skirmisher (Human Fighter)                 Turns: 1098, Time: 00:01:46

Health: -3/30      AC:  6    Str: 17    XL:     3   Next: 85%
Magic:  3/3        EV:  7    Int:  8    God:
Gold:   71         SH:  9    Dex: 12    Spells: 2/2 levels left

rFire    . . .     SeeInvis .   a - +0 flail
rCold    . . .     Gourm    .   c - +0 kite shield
rNeg     . . .     Faith    .   b - +0 scale mail
rPois    .         Spirit   .   (no helmet)
rElec    .         Reflect  .   (no cloak)
rCorr    .         Harm     .   (no gloves)
MR       .....                  (no boots)
Stlth    ..........             (no amulet)
HPRegen  0.10/turn              (no ring)
MPRegen  0.08/turn              (no ring)

@: no status effects
A: no striking features
a: no special abilities


You were on level 2 of the Dungeon.
You were not hungry.

You visited 1 branch of the dungeon, and saw 2 of its levels.

You collected 71 gold pieces.

Inventory:

Hand Weapons
 a - a +0 flail (weapon)
Armour
 b - a +0 scale mail (worn)
 c - a +0 kite shield (worn)
Scrolls
 h - a scroll of identify
 j - a scroll of teleportation
Potions
 d - 2 potions of might
 e - a potion of heal wounds
 i - a potion of curing
Comestibles
 f - a ration
 g - a chunk of flesh


   Skills:
 + Level 3.8 Fighting
 + Level 3.0 Maces & Flails
 - Level 3.0 Armour
 - Level 3.0 Shields


You had 2 spell levels left.
You didn't know any spells.
Your spell library was empty.

Dungeon Overview and Level Annotations

Branches:
Dungeon (2/15)

Altars:


Message History

Found 12 gold pieces.
An ogre is nearby!
An ogre is nearby!
Found a coppery potion.
Found a stone staircase leading down.
You hit the ogre.
The ogre is lightly wounded.
You block the ogre's attack.
You closely miss the ogre. The ogre hits you with a +0 giant club!
You thump the ogre!
The ogre is heavily wounded.
You block the ogre's attack.
Your shield and scale mail prevent you from hitting the ogre.
The ogre is heavily wounded.
The ogre hits you with a +0 giant club!
Ouch! That really hurt!
* * * LOW HITPOINT WARNING * * *
You hit the ogre.
The ogre is severely wounded.
The ogre hits you with a +0 giant club.
You die...

... #.. ... #.#
## .... #.###.# .
..##.....# ..
.....#.#
#.##.....#
..#......#.######
......O@........#
..#..#..#.......#
#..>..#.......#
.!.....#.....<.#
........#.......#
........#..÷....#
......#.#..÷....#
#..^.##.#.......#
#.......#


You could see an ogre.

Vanquished Creatures
  3 dart slugs (D:1)
  3 giant cockroaches (D:1)
  7 goblins (D:1)
  2 hobgoblins
  2 jackals (D:1)
  A quokka (D:2)
  A ball python (D:1)
  4 bats (D:1)
  2 frilled lizards (D:1)
  6 kobolds (D:1)
  6 rats (D:1)
37 creatures vanquished.

Notes
Turn   | Place    | Note
-------+----------+-------------------------------------------
     0 | D:1      | Faca the Human Fighter began the quest for the Orb.
     0 | D:1      | Reached XP level 1. HP: 18/18 MP: 1/1
   210 | D:1      | Reached XP level 2. HP: 24/24 MP: 2/2
   394 | D:1      | Reached XP level 3. HP: 23/29 MP: 3/3
  1091 | D:2      | Noticed an ogre
  1097 | D:2      | HP: 1/30 [ogre/+0 giant club (15)]
  1098 | D:2      | Slain by an ogre

Illustrated notes

Levels and vault maps discovered:
D:1:      minmay_arrival_open_corners, layout_rooms, serial_forest,
          infiniplex_forest_zigzag_1, infiniplex_forest_clump_curved,
          infiniplex_forest_clump_medium, infiniplex_forest_clump_double,
          infiniplex_forest_end_double, infiniplex_forest_end_3,
          infiniplex_forest_clump_double, nrook_loot_triangle,
          hangedman_decor_lopped, minmay_door_square, palyth_stone_intersect,
          nrook_campfire
D:2:      layout_rooms, first_ration

Skill      XL: |  1  2  3 |
---------------+----------+-----
Maces & Flails | 3 |  3.0
Fighting       | |  3.8
Armour         | |  3.0
Shields        | |  3.0

Action                   || total
-------------------------++-------
Melee: Flail             ||   120
  Use: Scroll            ||     3
  Eat: Chunk             ||     1
Armor: Scale mail        ||    69
Dodge: Dodged            ||    41
Block: Kite shield       ||    72

Table legend:
 A = Non-vault XP
 B = Vault XP
 C = Vault XP percentage of total XP
 D = Non-vault monster count
 E = Vault monster count
 F = Vault count percentage of total count
                 A         B        C        D         E       F
            +---------+---------+-------+---------+---------+-------
      Total |      63 |       0 |   0.0 |      37 |       0 |   0.0
            +---------+---------+-------+---------+---------+-------
        D:1 |      59 |       0 |   0.0 |      35 |       0 |   0.0
        D:2 |       4 |       0 |   0.0 |       2 |       0 |   0.0
            +---------+---------+-------+---------+---------+-------
